 Dungeon Crawl Stone Soup version 0.30-a0-390-g80c34de (webtiles) character file.

Game seed: 17039240475586466246

349460 Dorkslayer the Slayer (level 21, -2/206 HPs)
             Began as a Hill Orc Fighter on Dec 4, 2022.
             Was an Initiate of Gozag.
             Shot with a bolt by a +0 triple crossbow of freezing (33 damage)
             ... in a wizard's laboratory.
             The game lasted 02:47:11 (42168 turns).

Dorkslayer the Slayer (Hill Orc Fighter)           Turns: 42168, Time: 02:47:13

Health: -2/206     AC: 41    Str: 52    XL:     21   Next: 79%
Magic:  21/21      EV: 11    Int:  8    God:    Gozag
Gold:   8832       SH: 20    Dex: 19    Spells: 20/20 levels left

rFire   + + .      SeeInvis +    r - +8 morningstar of the Sun {speed, Str+4}
rCold   + + +      Faith    .    H - +0 kite shield {reflect}
rNeg    . . .      Spirit   .    Q - +5 gold dragon scales
rPois   +          Reflect  +    U - +1 helmet {SInv}
rElec   +          Harm     .    l - +1 cloak {Stlth+}
rCorr   .          Rampage  .    L - +2 pair of gloves {Dex+3}
Will    +....      Clarity  +    V - +2 pair of boots {Fly}
Stlth   ..........               w - amulet "Jiuckuoj" {Reflect rElec Str+5 SH+5}
HPRegen 0.54/turn                G - ring of Satyriasis {rF+ rC++ Str+6 Stlth+}
MPRegen 0.17/turn                T - ring "Ylio" {rC+ Str+9 Dex+4}

@: gold aura, flying, studying Armour
A: clarity, sense surroundings 1
}: 3/15 runes: barnacled, abyssal, gossamer
a: Renounce Religion, Potion Petition, Call Merchant, Bribe Branch


You were in a wizard's laboratory.
You worshipped Gozag.
Gozag was greatly pleased with you.
You visited 8 branches of the dungeon, and saw 36 of its levels.
You visited the Abyss 1 time.
You visited 1 bazaar.
You also visited: Gauntlet, Wizlab and Desolation.

You collected 16541 gold pieces.
You spent 7603 gold pieces at shops.
You paid 106 gold pieces to Gozag.

Inventory:

Hand Weapons
 q - a +4 longbow of flaming
 r - the +8 morningstar of the Sun (weapon) {speed, Str+4}
   (You found it on level 3 of the Dungeon)

   Attacks with this weapon are significantly faster.
   Str:       It affects your strength (+4).
 I - a +9 eveningstar
Missiles
 g - 21 boomerangs
 m - 2 throwing nets
 p - 3 boomerangs of dispersal
 t - 6 silver boomerangs (quivered)
 E - 19 javelins
 X - 15 silver javelins
Armour
 l - a +1 cloak of stealth (worn)
 H - a +0 kite shield of reflection (worn)
 L - a +2 pair of gloves of dexterity (worn)
 Q - +5 gold dragon scales (worn)
 U - a +1 helmet of see invisible (worn)
 V - a +2 pair of boots of flying (worn)
Jewellery
 d - the ring of Poergheav {rF++ Will+ Dex+3}
   (You acquired it on level 10 of the Dungeon)

   [ring of willpower]

   Dex:       It affects your dexterity (+3).
   rF:        It greatly protects you from fire.
   Will:      It increases your willpower.
 w - the amulet "Jiuckuoj" (around neck) {Reflect rElec Str+5 SH+5}
   (You bought it in a shop on level 10 of the Dungeon)

   [amulet of reflection]

   It reflects blocked missile attacks.
   Str:       It affects your strength (+5).
   rElec:     It insulates you from electricity.
   SH:        It affects your SH (+5).
 G - the ring of Satyriasis (left hand) {rF+ rC++ Str+6 Stlth+}
   (You bought it in a shop on level 1 of the Orcish Mines)

   [ring of strength]

   Str:       It affects your strength (+6).
   rF:        It protects you from fire.
   rC:        It greatly protects you from cold.
   Stlth:     It makes you more stealthy.
 T - the ring "Ylio" (right hand) {rC+ Str+9 Dex+4}
   (You found it on level 11 of the Dungeon)

   [ring of protection from cold]

   Str:       It affects your strength (+9).
   Dex:       It affects your dexterity (+4).
   rC:        It protects you from cold.
Wands
 f - a wand of paralysis (40)
 s - a wand of polymorph (8)
 y - a wand of digging (5)
 A - a wand of mindburst (2)
 N - a wand of roots (15)
 O - a wand of flame (22)
 P - a wand of light (21)
Scrolls
 b - 8 scrolls of immolation
 h - 5 scrolls of butterflies
 o - 8 scrolls of fear
 z - 19 scrolls of teleportation
 D - 2 scrolls of blinking
 F - 28 scrolls of identify
 S - 5 scrolls of poison
Potions
 c - 7 potions of might
 e - 5 potions of magic
 i - 6 potions of curing
 j - 6 potions of berserk rage
 n - 8 potions of mutation
 u - 9 potions of brilliance
 v - 8 potions of resistance
 x - 9 potions of ambrosia
 J - a potion of cancellation
 R - 6 potions of haste
 Z - 2 potions of invisibility
Miscellaneous
 k - a condenser vane (inert)
 B - a phantom mirror (inert)
 M - a lightning rod (inert)
 W - a phial of floods


   Skills:
 + Level 21.7 Fighting
 + Level 5.2(16.3) Axes
 + Level 20.1(20.3) Maces & Flails
 + Level 9.2 Ranged Weapons
 + Level 5.8 Throwing
 * Level 19.3 Armour
 + Level 4.4 Dodging
 + Level 4.7 Stealth
 - Level 17.8 Shields
 * Level 13.2 Evocations


You had 20 spell levels left.
You didn't know any spells.
Your spell library contained the following spells:

 Spells                   Type           Power      Damage    Failure   Level
 Foxfire                  Conj/Fire      0%         2x1d4     95%         1
 Freeze                   Ice            0%         1d3       95%         1
 Slow                     Hex            0%         N/A       95%         1
 Summon Small Mammal      Summ           0%         N/A       95%         1
 Cigotuvi's Dreadful Rot  Necr/Pois/Air  0%         N/A       99%         2
 Passwall                 Tmut/Erth      0%         N/A       99%         2
 Poisonous Vapours        Pois/Air       0%         N/A       99%         2
 Sublimation of Blood     Necr           0%         N/A       99%         2
 Call Canine Familiar     Summ           0%         N/A       100%        3
 Confusing Touch          Hex            0%         N/A       100%        3
 Frozen Ramparts          Ice            0%         1d1       100%        3
 Hailstorm                Conj/Ice       0%         3d3       100%        3
 Ignite Poison            Fire/Tmut/Pois 0%         N/A       100%        3
 Inner Flame              Hex/Fire       0%         N/A       100%        3
 Kindle Blastsparks       Fire/Tloc/Air  0%         2d10      100%        3
 Lesser Beckoning         Tloc           0%         N/A       100%        3
 Mephitic Cloud           Conj/Pois/Air  0%         N/A       100%        3
 Ozocubu's Armour         Ice            0%         N/A       100%        3
 Portal Projectile        Hex/Tloc       0%         N/A       100%        3
 Summon Guardian Golem    Hex/Summ       0%         N/A       100%        3
 Tukima's Dance           Hex            0%         N/A       100%        3
 Vampiric Draining        Necr           0%         2d6       100%        3
 Vhi's Electric Charge    Tloc/Air       0%         N/A       100%        3
 Cause Fear               Hex            0%         N/A       100%        4
 Dispel Undead            Necr           0%         3d6       100%        4
 Leda's Liquefaction      Hex/Erth       0%         N/A       100%        4
 Passage of Golubria      Tloc           0%         N/A       100%        4
 Petrify                  Tmut/Erth      0%         N/A       100%        4
 Sticky Flame             Conj/Fire      0%         2d3       100%        4
 Alistair's Intoxication  Tmut/Pois      0%         N/A       100%        5
 Arcjolt                  Conj/Air       0%         1d10      100%        5
 Borgnjor's Vile Clutch   Necr/Erth      0%         N/A       100%        5
 Fireball                 Conj/Fire      0%         3d3       100%        5
 Irradiate                Conj/Tmut      0%         3d11      100%        5
 Iskenderun's Battlesphe  Conj           0%         2d6       100%        5
 Metabolic Englaciation   Hex/Ice        0%         N/A       100%        5
 Silence                  Hex/Air        0%         N/A       100%        5
 Yara's Violent Unravell  Hex/Tmut       0%         3d3       100%        5
 Death Channel            Necr           0%         N/A       100%        6
 Eringya's Noxious Bog    Tmut/Pois      0%         N/A       100%        6
 Iron Shot                Conj/Erth      0%         9d1       100%        6
 Starburst                Conj/Fire      0%         6d3       100%        6
 Statue Form              Tmut/Erth      0%         N/A       100%        6
 Dragon Form              Tmut           0%         N/A       100%        7
 Haunt                    Necr/Summ      0%         N/A       100%        7
 Orb of Destruction       Conj           0%         9d5       100%        7
 Ozocubu's Refrigeration  Ice            0%         4d7       100%        7
 Spellforged Servitor     Conj/Summ      0%         N/A       100%        7
 Storm Form               Tmut/Air       0%         N/A       100%        7
 Borgnjor's Revivificati  Necr           0%         N/A       100%        8
 Discord                  Hex            0%         N/A       100%        8
 Ignition                 Fire           0%         3d3       100%        8
 Infestation              Necr           0%         N/A       100%        8
 Lehudib's Crystal Spear  Conj/Erth      0%         10d2      100%        8
 Maxwell's Capacitive Co  Air            0%         ∞         100%        8
 Dragon's Call            Summ           0%         N/A       100%        9
 Polar Vortex             Ice            0%         N/A       100%        9
 Animate Dead             Necr           Unusable   N/A       N/A         4

Dungeon Overview and Level Annotations

Branches:
Dungeon (15/15)            Temple (1/1) D:7            Lair (5/5) D:10
 Shoals (4/4) Lair:2       Spider (4/4) Lair:2        Slime (0/5) Lair:5
    Orc (2/2) D:10            Elf (0/3) Orc:2        Vaults (2/5) D:14
  Crypt (3/3) Vaults:2     Depths (0/4) D:15         WizLab (1/1)
Desolation (visited)      Gauntlet (visited)
   Tomb: Crypt:3

Altars:
Ashenzari
Elyvilon
Gozag
Hepliaklqana
Kikubaaqudgha
Nemelex Xobeh
Okawaru
Trog
Uskayaw
Wu Jian
Yredelemnul
Zin
The Shining One
Beogh
Jiyva

Shops:
D:2 !   D:10 *=   Orc:1 ([=:=   Orc:2 :!**   Shoals:2 :   Vaults:1 [[**?


Innate Abilities, Weirdness & Mutations

You possess an exceptional clarity of mind.
You passively map a small area around you.


Message History

Your +0 kite shield of reflection reflects the lance of force!
The lance of force hits Dorkslayer's illusion but does no damage.
You feel better.
Dorkslayer's illusion hits the +0 triple crossbow of freezing.
Unknown command.
You feel better.
The rakshasa hits Dorkslayer's illusion but does no damage.
You feel better.
Dorkslayer's illusion hits the +0 triple crossbow of freezing.
The +0 triple crossbow of freezing shoots a bolt.
The bolt hits Dorkslayer's illusion!
The rakshasa hits Dorkslayer's illusion with a +0 long sword!
You feel better.
Dorkslayer's illusion hits the +0 triple crossbow of freezing but does no damage.
You feel better.
You feel yourself slow down.
The rakshasa hits Dorkslayer's illusion with a +0 long sword.
The +0 triple crossbow of freezing shoots a bolt.
The bolt hits Dorkslayer's illusion!
You feel better.
Dorkslayer's illusion closely misses the +0 triple crossbow of freezing.
The +2 triple crossbow of flaming is distracted by your dazzling golden aura.
The rakshasa hits Dorkslayer's illusion with a +0 long sword.
Dorkslayer's illusion hits the +0 triple crossbow of freezing but does no damage.
The rakshasa hits Dorkslayer's illusion but does no damage.
The +0 triple crossbow of freezing shoots a bolt.
The bolt hits you!!!
* * * LOW HITPOINT WARNING * * *
The bolt freezes you.
* * * LOW HITPOINT WARNING * * *
You see here 6 gold pieces.
You feel better.
Dorkslayer's illusion hits the +0 triple crossbow of freezing.
The rakshasa hits Dorkslayer's illusion with a +0 long sword!
The +2 triple crossbow of flaming is no longer distracted by gold.
Dorkslayer's illusion hits the +0 triple crossbow of freezing but does no damage.
The +0 triple crossbow of freezing shoots a bolt.
The bolt hits you!!
You die...
Your body crumbles into a pile of gold.

###..## #...#** *
###..## .....# *
##)..###.....##*
##...###.....##
##..)###..⌠..## ,
##..)## , ##...##
##$..##* , ##@@.##
##(R# * ##((## + *
###(.## ...## ,
##...## ,⌠..##
###$.###* .R..##*
###...### .8.## *
###$.#..## ##R###
,
##....$#####...###


You could see a rakshasa, 4 dancing weapons and the friendly Dorkslayer's
illusion (summoned, drained).

Vanquished Creatures
  Xtahua (Crypt:3)
  Vv (Crypt:2)
  Frederick (Crypt:1)
  Nikola (Vaults:1)
  Jory (Crypt:2)
  Arachne (Spider:2)
  Zenata (Crypt:1)
  2 tentacled monstrosities (Abyss:4)
  Mlioglotl (Spider:3)
  A walking earthen tome (WizLab)
  A titan (Shoals:4)
  A kraken (Abyss:4)
  Polyphemus (Shoals:2)
  A sphinx (Vaults:1)
  Gastronok (D:9)
  An ancient champion (Crypt:3)
  Donald (Orc:2)
  2 revenants (Crypt:3)
  A tengu reaver (D:11)
  An azure jelly (Lair:5)
  4 vault wardens (Vaults:1)
  2 emperor scorpions (Spider:4)
  A balrug (Abyss:4)
  Louise (D:15)
  Aizul (Spider:3)
  8 ironbound preservers (Vaults:1)
  A deep elf sorcerer (Vaults:1)
  A ghost moth (Spider:4)
  2 ghouls (Crypt:1)
  7 broodmothers
  3 ironbound thunderhulks
  A stone giant (Vaults:1)
  2 very ugly things
  A rockslime zombie (Crypt:2)
  2 vampire knights (Crypt:1)
  Nessos (Orc:2)
  5 dire elephants
  A minotaur (Gauntlet)
  4 halazid warlocks (Desolation)
  An ettin (D:11)
  3 crystal guardians (Desolation)
  2 eidola
  7 merfolk impalers
  4 deep elf death magi
  6 merfolk javelineers (Shoals:4)
  6 jiangshi
  5 entropy weavers
  11 ragged hierophants (Desolation)
  5 yaktaur captains
  4 great orbs of eyes
  A shambling mangrove (Abyss:4)
  Erolcha (D:9)
  7 rakshasas (WizLab)
  Fannar (Lair:2)
  A spriggan zombie (Crypt:2)
  8 servants of whispers (Desolation)
  A vault guard (D:14)
  3 ogre magi
  9 peacekeepers (Desolation)
  A fenstrider witch zombie (Crypt:1)
  9 hydras
  3 jorogumos (Spider:4)
  6 boulder beetles
  A fenstrider witch skeleton (Crypt:2)
  2 catoblepae
  14 two-headed ogres
  A ghost crab (Abyss:4)
  2 ironbound frosthearts (Vaults:1)
  4 death knights
  16 centaur warriors
  A satyr (Shoals:3)
  3 merfolk avatars
  An alligator (Lair:3)
  2 alligator snapping turtles (Shoals:4)
  3 radroaches
  2 tengu warriors
  5 merfolk aquamancers
  A deep troll earth mage (D:11)
  5 death yaks
  Urug (Lair:1)
  2 vampire magi
  An orc high priest (Orc:2)
  5 thrashing horrors (Abyss:4)
  6 sun demons
  5 dancing weapons (WizLab)
  6 pharaoh ants
  A soul eater (Crypt:2)
  A fire crab (Abyss:4)
  A shadow wraith (Crypt:1)
  An anaconda zombie (Crypt:1)
  A golden dragon zombie (Crypt:3)
  12 skeletal warriors
  A bunyip zombie (Crypt:1)
  A sea snake (shapeshifter) (D:15)
  A shadow demon (Abyss:4)
  3 sun moths
  A shadow dragon zombie (Crypt:1)
  9 large abominations
  2 spark wasp zombies (Crypt:1)
  9 steelbarb worms
  14 deep trolls (Vaults:1)
  12 orb spiders
  9 ironbound convokers
  5 phantasmal warriors
  13 sea snakes
  A bunyip skeleton (Crypt:2)
  A swamp dragon (shapeshifter) (D:11)
  5 lindwurms (Vaults:1)
  9 harpies (Shoals:2)
  4 wizards
  A flayed ghost (Crypt:3)
  3 deep elf pyromancers
  4 orc knights
  4 necromancers
  34 wolf spiders
  A deep elf zephyrmancer (D:11)
  10 cyclopes
  A mana viper (shapeshifter) (D:14)
  23 ugly things
  A stone giant zombie (Crypt:1)
  2 worldbinders (Abyss:4)
  A shadow dragon skeleton (Crypt:2)
  18 manticores
  An oklob plant (Orc:1)
  5 fauns
  A salamander (shapeshifter) (D:8)
  5 orc sorcerers
  18 slime creatures
  A merfolk siren (Shoals:3)
  6 black mambas
  2 moths of wrath (Spider:4)
  A shock serpent zombie (Crypt:2)
  19 elephants
  An apocalypse crab (Abyss:4)
  3 gargoyles
  Joseph (D:9)
  A molten gargoyle (Desolation)
  5 torpor snails
  11 water nymphs
  11 cane toads
  2 vault sentinels (Vaults:1)
  A dire elephant skeleton (Crypt:1)
  6 rime drakes
  3 demonic crawlers
  8 komodo dragons
  An unseen horror (D:13)
  Maggie (Lair:1)
  5 freezing wraiths
  5 yaktaurs
  3 kobold demonologists
  An anaconda simulacrum (Crypt:1)
  3 tengu conjurers
  16 merfolk
  12 trolls
  10 meliai
  A harpy zombie (Crypt:2)
  8 wind drakes
  23 tarantellas
  A wolf spider simulacrum (D:15)
  10 hornets
  2 polar bears (Lair:5)
  Prince Ribbit (D:7)
  8 snapping turtles
  A boulder beetle zombie (Crypt:2)
  15 dream sheep
  64 saltlings (Desolation)
  6 blink frogs
  26 jumping spiders
  A centaur simulacrum (D:12)
  A radroach zombie (Crypt:1)
  31 culicivoras
  8 air elementals (Shoals:4)
  An ettin skeleton (Crypt:1)
  10 wraiths
  A shadow (D:12)
  14 water elementals
  A black mamba zombie (Crypt:1)
  A satyr skeleton (Crypt:3)
  A ynoxinul (Abyss:4)
  The ghost of cowcow the Scratcher, an amateur FeFi (D:5)
  58 yaks
  4 basilisks
  Grum (D:9)
  3 wyverns
  A golden eye (shapeshifter) (D:14)
  48 redbacks
  9 vampire mosquitoes
  A wind drake skeleton (Crypt:2)
  5 wargs
  A redback simulacrum (D:15)
  A fire bat zombie (Crypt:2)
  5 acid dragons
  Duvessa (D:5)
  10 water moccasins
  26 orc warriors
  3 sky beasts (D:7)
  3 ice beasts
  A black bear (D:7)
  A dream sheep zombie (Crypt:2)
  8 ogres
  10 small abominations
  An ettin simulacrum (Crypt:1)
  14 wolves
  4 centaurs
  A manticore skeleton (Crypt:1)
  2 phantoms
  7 kobold brigands
  A rime drake skeleton (Crypt:1)
  A gnoll sergeant (D:11)
  15 bullfrogs
  3 necrophages
  4 scorpions
  5 wights
  A water moccasin zombie (Crypt:2)
  Dowan (D:5)
  6 killer bees (D:10)
  An electric eel (Lair:3)
  19 howler monkeys
  A lava snake (D:8)
  2 jellies
  A centaur skeleton (Crypt:1)
  31 orc priests
  2 gnoll boudas
  9 hounds
  3 iguanas
  35 orc wizards
  A boggart skeleton (Crypt:3)
  4 hell rats (Lair:2)
  A scorpion zombie (Crypt:1)
  8 gnolls
  5 adders
  A shadow imp (D:8)
  A white imp (D:7)
  A lava snake zombie (Crypt:1)
  2 worms
  2 dart slugs
  71 orcs
  8 endoplasms
  2 giant cockroaches
  7 goblins
  6 hobgoblins
  3 jackals (D:3)
  3 quokkas
  3 ball pythons
  5 bats
  2 frilled lizards
  34 kobolds
  A rat (D:2)
  A fungus (Lair:5)
  4 tentacles (Abyss:4)
1436 creatures vanquished.

Vanquished Creatures (collateral kills)
  2 angels (Vaults:1)
  An ironbound preserver (Vaults:1)
  2 ironbound frosthearts (Vaults:1)
5 creatures vanquished.

Vanquished Creatures (others)
  A manticore (D:12)
  A naga skeleton (Crypt:1)
  A saltling (Desolation)
  A redback (Spider:4)
  An orc wizard (Orc:2)
  14 demonic plants (Gauntlet)
  13 fungi
  75 plants
  5 tentacles (Abyss:4)
112 creatures vanquished.

Grand Total: 1553 creatures vanquished

Notes
Turn   | Place    | Note
-------+----------+-------------------------------------------
     0 | D:1      | Dorkslayer the Hill Orc Fighter began the quest for the
                  | Orb.
     0 | D:1      | Reached XP level 1. HP: 19/19 MP: 1/1
   498 | D:1      | Reached XP level 2. HP: 16/17 MP: 2/2
   838 | D:2      | Reached skill level 4 in Fighting
   877 | D:2      | Reached XP level 3. HP: 25/27 MP: 3/3
   901 | D:2      | Reached skill level 1 in Dodging
  1018 | D:2      | Found Womono's Distillery.
  1690 | D:3      | Reached XP level 4. HP: 31/40 MP: 4/4
  1800 | D:3      | Identified the +8 morningstar of the Sun {speed, Str+4}
  1839 | D:3      | Reached XP level 5. HP: 43/46 MP: 5/5
  2072 | D:4      | Reached skill level 5 in Axes
  2072 | D:4      | Reached skill level 1 in Maces & Flails
  2125 | D:4      | Reached skill level 1 in Throwing
  2129 | D:4      | Reached XP level 6. HP: 31/53 MP: 6/6
  2368 | D:4      | Noticed an ice beast
  2376 | D:4      | Killed an ice beast
  2553 | D:5      | Entered Level 5 of the Dungeon
  2595 | D:5      | Reached XP level 7. HP: 60/60 MP: 7/7
  2750 | D:5      | Reached skill level 5 in Fighting
  3031 | D:5      | Reached skill level 5 in Maces & Flails
  3057 | D:5      | Noticed Duvessa
  3060 | D:5      | Noticed Dowan
  3066 | D:5      | Killed Duvessa
  3067 | D:5      | Reached XP level 8. HP: 63/68 MP: 8/8
  3068 | D:5      | Killed Dowan
  3238 | D:5      | Found a runed translucent door.
  3238 | D:5      | Noticed cowcow's ghost (amateur FeFi)
  3245 | D:5      | Killed cowcow's ghost
  3246 | D:5      | Reached skill level 1 in Evocations
  3353 | D:6      | Reached skill level 5 in Armour
  3494 | D:6      | Reached skill level 6 in Fighting
  3678 | D:6      | Reached XP level 9. HP: 75/75 MP: 9/9
  3888 | D:6      | Found a sparkling altar of Nemelex Xobeh.
  4217 | D:6      | Reached skill level 5 in Shields
  4388 | D:7      | Reached skill level 7 in Fighting
  4426 | D:7      | Noticed Prince Ribbit
  4438 | D:7      | Killed Prince Ribbit
  4439 | D:7      | Reached skill level 10 in Maces & Flails
  4439 | D:7      | Reached XP level 10. HP: 64/86 MP: 10/10
  4514 | D:7      | Found a staircase to the Ecumenical Temple.
  4523 | Temple   | Entered the Ecumenical Temple
  4530 | Temple   | Became a worshipper of Gozag Ym Sagoz the Greedy
  5122 | D:8      | Reached skill level 8 in Fighting
  5236 | D:8      | Found an iron altar of Okawaru.
  6151 | D:9      | Noticed a centaur warrior
  6152 | D:9      | Noticed a salamander
  6161 | D:9      | Noticed Grum
  6283 | D:8      | Reached XP level 11. HP: 95/95 MP: 11/11
  6306 | D:8      | Killed a salamander
  6390 | D:9      | Killed a centaur warrior
  6391 | D:9      | Reached skill level 5 in Evocations
  6399 | D:9      | Killed Grum
  6587 | D:8      | Reached skill level 9 in Fighting
  6682 | D:9      | Noticed Erolcha
  6691 | D:9      | Killed Erolcha
  6824 | D:9      | Noticed Gastronok
  6837 | D:9      | Killed Gastronok
  6921 | D:9      | Noticed Joseph
  6931 | D:9      | Killed Joseph
  7344 | D:10     | Entered Level 10 of the Dungeon
  7404 | D:10     | Noticed a large abomination
  7404 | D:10     | Noticed a large abomination
  7406 | D:10     | Noticed a wizard
  7410 | D:10     | Killed a large abomination
  7434 | D:10     | Killed a wizard
  7445 | D:10     | Killed a large abomination
  7446 | D:10     | Reached XP level 12. HP: 102/106 MP: 12/12
  7450 | D:10     | Reached skill level 10 in Fighting
  7518 | D:10     | Found Ottou's Fire Supplies.
  7551 | D:10     | Noticed a two-headed ogre
  7559 | D:10     | Killed a two-headed ogre
  7589 | D:10     | Identified a scroll of acquirement
  7589 | D:10     | Acquired the ring of Poergheav {rF++ Will+ Dex+3}
  7713 | D:10     | Reached skill level 1 in Stealth
  7838 | D:10     | Found a white marble altar of Elyvilon.
  8082 | D:10     | Found a staircase to the Lair.
  8105 | D:10     | Found a staircase to the Orcish Mines.
  8138 | D:10     | Found Nemegemn's Jewellery Emporium.
  8147 | D:10     | Bought the amulet "Jiuckuoj" {Reflect rElec Str+5 SH+5} for
                  | 817 gold pieces
  8162 | D:10     | Noticed a two-headed ogre
  8171 | D:10     | Killed a two-headed ogre
  8512 | Orc:1    | Entered Level 1 of the Orcish Mines
  8593 | Orc:1    | Found Ifyil's Antique Weapon Boutique.
  8615 | Orc:1    | Found Ona Zeit's Jewellery Emporium.
  8669 | Orc:1    | Found Vaotimic's Jewellery Emporium.
  8669 | Orc:1    | Found a roughly hewn altar of Beogh.
  8701 | Orc:1    | Bought the ring of Satyriasis {rF+ rC++ Str+6 Stlth+} for
                  | 984 gold pieces
  8772 | Orc:2    | Entered Level 2 of the Orcish Mines
  8942 | Orc:2    | Noticed Nessos
  9193 | Orc:2    | Killed Nessos
  9312 | Orc:2    | Noticed an orc high priest
  9420 | Orc:2    | Noticed a soul eater
  9488 | Orc:2    | Killed an orc high priest
  9590 | Orc:1    | Found Utanut's Antique Armour Emporium.
  9707 | Orc:1    | Found Puesmunu's Book Shoppe.
  9842 | Orc:2    | Found a staircase to the Elven Halls.
  9923 | Orc:2    | Reached skill level 11 in Fighting
 10134 | Orc:2    | Reached skill level 1 in Ranged Weapons
 10248 | Orc:2    | Reached skill level 15 in Maces & Flails
 10248 | Orc:2    | Reached XP level 13. HP: 80/116 MP: 13/13
 10463 | Orc:2    | Noticed Donald
 10478 | Orc:2    | Killed Donald
 10593 | Orc:2    | Found Ximuq's Distillery.
 10593 | Orc:2    | Found Cuyn's General Store.
 10596 | Orc:2    | Found Medeneo's General Store.
 10601 | Orc:2    | Found Syiceuss's Book Boutique.
 10643 | Orc:2    | Bought a scroll of teleportation for 36 gold pieces
 10643 | Orc:2    | Bought a wand of paralysis (4) for 115 gold pieces
 10643 | Orc:2    | Bought a potion of might for 48 gold pieces
 10643 | Orc:2    | Bought a scroll of enchant armour for 90 gold pieces
 10646 | Orc:2    | Bought a potion of heal wounds for 65 gold pieces
 10646 | Orc:2    | Bought a potion of might for 52 gold pieces
 10646 | Orc:2    | Bought a potion of resistance for 130 gold pieces
 10646 | Orc:2    | Bought a potion of curing for 39 gold pieces
 10646 | Orc:2    | Bought a potion of cancellation for 104 gold pieces
 10646 | Orc:2    | Bought a potion of might for 52 gold pieces
 10648 | Orc:2    | Bought a ring of see invisible for 240 gold pieces
 10648 | Orc:2    | Bought 2 potions of might for 128 gold pieces
 10648 | Orc:2    | Bought a potion of mutation for 128 gold pieces
 10702 | Orc:1    | Bought a pair of embroidered gloves for 247 gold pieces
 11191 | D:11     | Noticed a yaktaur captain
 11191 | D:11     | Noticed a tengu reaver
 11197 | D:11     | Killed a yaktaur captain
 11212 | D:11     | Killed a tengu reaver
 11242 | D:11     | Reached skill level 12 in Fighting
 11453 | D:11     | Noticed an ettin
 11460 | D:11     | Killed an ettin
 11461 | D:11     | Reached skill level 10 in Armour
 11491 | D:11     | Reached XP level 14. HP: 92/127 MP: 14/14
 11511 | D:11     | Identified the +9 battleaxe of Wouteaps {vamp, Stlth+}
 11986 | D:11     | Identified the ring "Ylio" {rC+ Str+9 Dex+4}
 12552 | D:12     | Found a flickering gateway to a bazaar.
 12558 | Bazaar   | Entered a bazaar
 12562 | Bazaar   | Found Xemuotol's Distillery.
 12580 | Bazaar   | Found Viemm's Distillery.
 12598 | Bazaar   | Found Zoaff's Book Boutique.
 12615 | Bazaar   | Found Uniwk's Armour Shoppe.
 12620 | Bazaar   | Bought a +2 pair of boots of flying for 258 gold pieces
 12649 | Bazaar   | Bought a potion of haste for 170 gold pieces
 12649 | Bazaar   | Bought a potion of haste for 170 gold pieces
 12649 | Bazaar   | Bought a potion of heal wounds for 85 gold pieces
 12649 | Bazaar   | Bought a potion of curing for 51 gold pieces
 12664 | Bazaar   | Bought a potion of curing for 42 gold pieces
 12664 | Bazaar   | Bought a potion of curing for 42 gold pieces
 12734 | D:12     | Found a gate leading to a gauntlet.
 12743 | Gauntlet | Entered a Gauntlet
 12743 | Gauntlet | Found a transporter.
 12743 | Gauntlet | Found a transporter.
 12744 | Gauntlet | Found a transporter.
 12745 | Gauntlet | Found a transporter.
 12747 | Gauntlet | Found a transporter.
 12748 | Gauntlet | Found a transporter.
 12762 | Gauntlet | Found the ring of Shadows {Umbra +Inv Stlth+}
 12775 | Gauntlet | Found a transporter.
 12777 | Gauntlet | Found a transporter.
 12791 | Gauntlet | Found a transporter.
 12805 | Gauntlet | Found a transporter.
 12823 | Gauntlet | Found a transporter.
 12826 | Gauntlet | Found a transporter.
 13118 | Gauntlet | Identified the +8 mace "Avvin" {spect, rPois Str-3 Dex+5
                  | Stlth+}
 13194 | D:12     | Reached skill level 13 in Fighting
 13806 | D:12     | Reached skill level 10 in Shields
 14301 | D:13     | You are sucked into a shaft and drop 1 floor!
 14599 | D:13     | Acquired 766 gold pieces
 14937 | D:13     | Reached XP level 15. HP: 137/137 MP: 15/15
 15537 | D:14     | Reached skill level 14 in Fighting
 15712 | D:14     | Found an opulent altar of Gozag.
 16265 | D:14     | Found a gate to the Vaults.
 16336 | D:15     | Entered Level 15 of the Dungeon
 16406 | D:15     | Paralysed by an orc knight for 3 turns
 16503 | D:15     | Gained mutation: You possess an exceptional clarity of
                  | mind. [potion of mutation]
 16503 | D:15     | Gained mutation: You passively map a small area around you.
                  | [potion of mutation]
 16546 | D:15     | Noticed Louise
 16549 | Abyss:3  | Cast into level 3 of the Abyss (Louise)
 16590 | Abyss:4  | Found a corrupted altar of Lugonu.
 16630 | Abyss:4  | Noticed a balrug
 16637 | Abyss:4  | Killed a balrug
 16638 | Abyss:4  | Reached skill level 5 in Ranged Weapons
 16730 | Abyss:4  | Noticed a bone dragon
 16763 | Abyss:4  | Noticed a kraken
 16781 | Abyss:4  | Killed a kraken
 16787 | Abyss:4  | Noticed a tentacled monstrosity
 16787 | Abyss:4  | Noticed a tentacled monstrosity
 16804 | Abyss:4  | Killed a tentacled monstrosity
 16827 | Abyss:4  | Killed a tentacled monstrosity
 16848 | Abyss:4  | Got an abyssal rune of Zot
 16868 | Abyss:4  | Noticed a bone dragon
 16869 | D:15     | Escaped the Abyss
 16886 | D:15     | Killed Louise
 16914 | D:15     | Reached XP level 16. HP: 61/147 MP: 16/16
 16965 | D:15     | Reached skill level 5 in Throwing
 17101 | D:15     | Reached skill level 15 in Fighting
 18009 | D:15     | Found a staircase to the Depths.
 18187 | Orc:1    | Bought gold dragon scales for 2640 gold pieces
 18253 | Lair:1   | Entered Level 1 of the Lair of Beasts
 18370 | Lair:1   | Noticed Maggie
 18380 | Lair:1   | Killed Maggie
 18436 | Lair:1   | Noticed Urug
 18456 | Lair:1   | Killed Urug
 18744 | Lair:1   | Identified the +1 scale mail of Quantum Leap {Dex+3}
 19070 | Lair:2   | Found a staircase to the Shoals.
 19186 | Lair:2   | Noticed Fannar
 19205 | Lair:2   | Killed Fannar
 19451 | Lair:2   | Found a hole to the Spider Nest.
 20266 | Lair:3   | Identified the +9 trident "Sobueda" {vamp, rN+}
 20723 | Lair:3   | Reached skill level 16 in Fighting
 21235 | Lair:4   | You are sucked into a shaft and drop 1 floor!
 21235 | Lair:5   | Entered Level 5 of the Lair of Beasts
 22265 | Lair:5   | Reached XP level 17. HP: 121/158 MP: 17/17
 22696 | Lair:5   | Found a runed translucent door.
 22698 | Lair:5   | Found a viscous altar of Jiyva.
 22699 | Lair:5   | Found a staircase to the Slime Pits.
 22789 | Lair:5   | Got the Handbook of Dark Glamour
 22920 | Lair:5   | Reached skill level 10 in Evocations
 23109 | Lair:5   | Identified the +11 demon trident of Fuzzy Punishment {vamp,
                  | Int+3}
 23116 | Lair:5   | Identified the +7 whip "Jagiysugh" {vorpal, rPois SInv}
 23118 | Lair:5   | Identified the +1 leather armour "Packu" {rPois rF- rC+ rN+
                  | Int+4}
 23126 | Lair:5   | Got the Dissertation on Scorching Excavation
 23662 | Shoals:1 | Entered Level 1 of the Shoals
 24233 | Shoals:2 | Noticed Polyphemus
 24235 | Shoals:2 | Found Fuhygy's Book Shop.
 24279 | Shoals:2 | Killed Polyphemus
 24669 | Shoals:2 | Reached skill level 17 in Fighting
 26490 | Shoals:4 | Entered Level 4 of the Shoals
 26490 | Shoals:4 | Found a white marble altar of Elyvilon.
 26587 | Shoals:4 | Paralysed by an air elemental for 1 turns
 26590 | Shoals:4 | Paralysed by an air elemental for 1 turns
 26641 | Shoals:4 | Reached skill level 15 in Shields
 27018 | Shoals:4 | Reached XP level 18. HP: 170/170 MP: 18/18
 27451 | Shoals:4 | Paralysed by an air elemental for 1 turns
 27467 | Shoals:4 | Noticed a titan
 27483 | Shoals:4 | Killed a titan
 27556 | Shoals:4 | Got a barnacled rune of Zot
 27786 | Shoals:4 | Paralysed by an air elemental for 1 turns
 28169 | Shoals:4 | Paralysed by an air elemental for 1 turns
 28173 | Shoals:4 | Paralysed by an air elemental for 1 turns
 28205 | Shoals:4 | Paralysed by an air elemental for 1 turns
 28586 | Spider:1 | Entered Level 1 of the Spider Nest
 28768 | Spider:1 | Reached skill level 18 in Fighting
 29136 | Spider:1 | Identified the +6 war axe of Okawaru, Freezing {vorpal, rC+
                  | Will+}
 31348 | Spider:3 | Noticed Arachne
 31349 | Spider:3 | Noticed Mlioglotl
 31372 | Spider:2 | Killed Arachne
 31500 | Spider:3 | Killed Mlioglotl
 31584 | Spider:3 | Noticed Aizul
 31609 | Spider:3 | Killed Aizul
 31677 | Spider:3 | Reached XP level 19. HP: 119/181 MP: 19/19
 32380 | Spider:4 | Entered Level 4 of the Spider Nest
 32718 | Spider:4 | Reached skill level 19 in Fighting
 34283 | Spider:4 | Got a gossamer rune of Zot
 34782 | Vaults:1 | Entered Level 1 of the Vaults
 34789 | Vaults:1 | Found Tuqeb's Antique Armour Emporium.
 34803 | Vaults:1 | Found a glowing silver altar of Zin.
 34803 | Vaults:1 | Found a white marble altar of Elyvilon.
 34803 | Vaults:1 | Found a glowing golden altar of the Shining One.
 34805 | Vaults:1 | Found a crumbling gateway.
 34833 | Desolati | Entered the Desolation of Salt
 34877 | Desolati | Reached skill level 15 in Armour
 34947 | Desolati | Identified the ring of the Coward {rC+ Str+2 Dex+4 Stlth+}
 35682 | Desolati | Identified the ring "Quegiowi" {Fly rN+ Str-3 Dex+4}
 35687 | Desolati | Identified the +3 robe "Otawupno" {rF++ Int+4 Archmagi}
 35750 | Desolati | Reached XP level 20. HP: 180/181 MP: 20/20
 35834 | Desolati | Identified the +8 dagger "Emeonor" {spect, rF+ Str+4 Int-3
                  | Dex+3}
 35843 | Desolati | Got Niewad's Secrets of the Chill
 35847 | Desolati | Got Mickyikk's Codex of Glaciation and Terra Firma
 36224 | Desolati | Reached skill level 20 in Fighting
 36291 | Desolati | Identified the +3 scale mail of the Teaching Gods {rC++
                  | rCorr Dex+3 Slay-6}
 36308 | Desolati | Found the +9 sword of Zonguldrok {reap}
 36521 | Desolati | Identified the ring of Guobere {rPois rC- rCorr Int+6
                  | Dex+8}
 36525 | Desolati | Identified the +3 falchion of Okawaru's Outrage {vorpal,
                  | Str+3 Dex+4}
 36537 | Desolati | Got the Folio of Electric Elsewhere
 36795 | Vaults:1 | Bought a glowing helmet for 270 gold pieces
 36898 | Vaults:1 | Found Peeprys's General Store.
 37038 | Vaults:1 | Found Xutolu Bora's Magic Scroll Boutique.
 37203 | Vaults:1 | Identified the +6 scale mail "Axkuap" {Dex+4 SInv}
 37816 | Vaults:1 | Found Tanuib's Antique Armour Boutique.
 37825 | Vaults:1 | Bought a glowing cloak for 240 gold pieces
 38054 | Vaults:1 | Noticed Nikola
 38071 | Vaults:1 | Killed Nikola
 38322 | Vaults:1 | Found Raisicoi's General Store.
 39029 | D:2      | Bought a potion of berserk rage for 60 gold pieces
 39029 | D:2      | Bought a potion of magic for 96 gold pieces
 39029 | D:2      | Bought a potion of heal wounds for 60 gold pieces
 39029 | D:2      | Bought a potion of heal wounds for 60 gold pieces
 39029 | D:2      | Bought a potion of curing for 36 gold pieces
 39029 | D:2      | Bought a potion of might for 48 gold pieces
 39310 | Vaults:2 | Reached XP level 21. HP: 183/203 MP: 21/21
 39436 | Vaults:2 | Found a staircase to the Crypt.
 39436 | Vaults:2 | Found a basalt altar of Yredelemnul.
 39437 | Vaults:2 | Found an ancient bone altar of Kikubaaqudgha.
 39453 | Crypt:1  | Entered Level 1 of the Crypt
 39614 | Crypt:1  | Identified the +9 whip of Severance {protect, *Slow rPois
                  | Str+9 Dex-4}
 39707 | Crypt:1  | Noticed Zenata
 39738 | Crypt:1  | Killed Zenata
 39777 | Crypt:1  | Reached skill level 21 in Fighting
 40270 | Crypt:1  | Noticed Frederick
 40285 | Crypt:1  | Killed Frederick
 40939 | Crypt:2  | Noticed Vv
 40968 | Crypt:2  | Killed Vv
 41406 | Crypt:2  | Noticed Jory
 41449 | Crypt:2  | Killed Jory
 41785 | Crypt:3  | Entered Level 3 of the Crypt
 41813 | Crypt:3  | Noticed Xtahua
 41832 | Crypt:3  | Killed Xtahua
 41919 | Crypt:3  | Found a magical portal.
 41928 | WizLab   | Entered Tukima's Studio
 41951 | WizLab   | Identified the +8 hand crossbow of Cuorph {speed, Fragile
                  | rN+ SInv}
 42029 | WizLab   | Noticed Dorkslayer's illusion
 42066 | WizLab   | Noticed Dorkslayer's illusion
 42168 | WizLab   | Shot with a bolt by a +0 triple crossbow of freezing

Illustrated notes

Levels and vault maps discovered:
D:1:      sevenhm_arrival_forest_fort_small_3, layout_basic,
          minmay_misc_feat_chi
D:2:      layout_loops_corners, serial_shops, shop, minmay_pentomino_s2
D:3:      layout_rooms, cheibrodos_gnoll_hut
D:4:      layout_rooms
D:5:      layout_basic, ebering_ghost_reflecting_pool, uniq_duvessa
D:6:      layout_loops_ring, mainiacjoe_overflow_concentric_impassable
D:7:      cheibrodos_fzero, layout_rooms, minmay_temple_entry_antechambers,
          uniq_prince_ribbit1
D:8:      layout_loops_ring, mainiacjoe_overflow_tiny_flanked,
          kennysheep_diamond
D:9:      layout_small_grid, minmay_checkerbox, uniq_gastronok, uniq_joseph,
          uniq_grum, uniq_erolcha
D:10:     layout_loops_ring, mainiacjoe_overflow_cross_hatched,
          lair_entry_dummy, david_orc_3, nicolae_shop_fire_sale
          [nicolae_sub_dead_trees], minmay_shop_enchanted_jewellery, laboratory
D:11:     layout_basic, nicolae_rejected_hall
D:12:     hangedman_cross_cluster, layout_long_grid, gauntlet_entry_generic,
          serial_shops, bzr_entry_safe
D:13:     layout_stronghold, drop_trap
D:14:     layout_irregular_city, david_vaults_5, nicolae_gozag_seed_capital,
          minmay_librarian
D:15:     gammafunk_enter_depths_forms, layout_basic, hex_intersection,
          uniq_louise
Temple:   hellmonk_temple_of_storms
Lair:1:   layout_chaotic_city, uniq_maggie, uniq_urug
Lair:2:   beast_lair_carwin_large_3, layout_hall_layers, shoals_dummy_entry,
          spider_nest_entry_rubble, dreamdust_gnoll_shepherd,
          infiniplex_staircase_pool_2, uniq_fannar
Lair:3:   nzn_winding_woodlands_large [nzn_winding_woodlands_hourglass,
          nzn_winding_woodlands_5x15_sawtooth, nzn_winding_woodlands_5x5_three,
          nzn_winding_woodlands_center_triple_pond,
          nzn_winding_woodlands_15x15_eel_pit,
          nzn_winding_woodlands_center_lodge, nzn_winding_woodlands_5x5_cross,
          nzn_winding_woodlands_5x15_default,
          nzn_winding_woodlands_5x5_perimeter], layout_chaotic_city,
          hibernation_bobbens
Lair:4:   layout_regular_city, serial_bayou_shore_b
Lair:5:   gammafunk_lair_ancient_temple, layout_regular_city, slime_entry_2,
          infiniplex_staircase_pool
Shoals:1: layout_shoals
Shoals:2: layout_shoals, serial_shops, shop_coins, nicolae_shoals_sun_and_surf,
          uniq_polyphemus
Shoals:3: layout_shoals
Shoals:4: shoals_end_hellmonk_storm_palace [storm_palace_center_ruins,
          storm_palace_corner_altar, storm_palace_corner_pillars,
          storm_palace_corner_reverse_hut, storm_palace_corner_blocked]
Spider:1: layout_chambers, nicolae_spider_circle_web, drop_trap
Spider:2: layout_spider_delve
Spider:3: layout_spider_delve, uniq_mlioglotl, uniq_arachne, uniq_aizul
Spider:4: hellmonk_spider_rune_endless_swarm
Orc:1:    layout_caves, basic_altar, serial_shops, shop_fountains, shop,
          nicolae_shop_behind_doors, shop_fountains, shop, mines3_lemuel
Orc:2:    st_orc_mages, layout_diamond_mine, nicolae_orc_tapped_out,
          uniq_donald, uniq_nessos
Vaults:1: portal_desolation_entry_holy_temple,
          nicolae_vaults_stairing_the_circle, hangedman_vaults_pinch,
          vaults_mumra_hexcomb, vaults_dpeg_doors, ontoclasm_vaults_eye,
          nicolae_vaults_border_crossing, ontoclasm_vaults_ring_large, st_eye,
          hangedman_vaults_trim, v_misc_22, layout_vaults_omnicross,
          serial_shops, nicolae_lakefront_shop, shop, nicolae_shop_crystal,
          shop, shop, uniq_nikola
Vaults:2: v_alt_pattern_6, v_misc_12, minmay_crypt_entry_necro_gods,
          nicolae_vaults_ninety_degrees, nicolae_vaults_angled_halls,
          hangedman_vaults_cutoff, vaults_dpeg_emergency_exit, st_more_cells,
          ontoclasm_vaults_loading_screen, layout_vaults_chaotic_city
Crypt:1:  layout_misc_corridors, uniq_frederick, uniq_zenata
Crypt:2:  layout_misc_corridors, uniq_jory, uniq_vv
Crypt:3:  lightli_unholy_cathedral, layout_chaotic_city,
          nicolae_tomb_entry_rubble_hallway, mu_enter_wizlab_3,
          serial_sigils_hangedman_snap, grunt_ministairs_9, uniq_xtahua
WizLab:   wizlab_tukima

Skill      XL: |  1  2  3  4  5  6  7  8  9 10 11 12 13 14 15 16 17 18 19 20 21 |
---------------+----------------------------------------------------------------+-----
Fighting       | 4 5 6 7 8 9 11 12 13 14 16 17 18 19 20 21 | 21.7
Axes           | 3 4 5 |  5.2
Dodging        | 1 2 3 4 |  4.4
Maces & Flails | 1 3 5 7 10 12 13 15 16 17 18 19 20 | 20.1
Throwing       | 1 2 4 5 |  5.8
Armour         | 4 5 7 8 9 10 11 12 13 14 15 17 19 | 19.3
Shields        | 4 5 6 7 8 9 10 12 13 15 16 17 | 17.8
Evocations     | 1 3 4 5 6 7 8 9 10 11 12 13 | 13.2
Stealth        | 1 2 3 4 |  4.7
Ranged Weapons | 1 3 4 5 6 7 8 9 |  9.2

Action                   |  1- 3 |  4- 6 |  7- 9 | 10-12 | 13-15 | 16-18 | 19-21 || total
-------------------------+-------+-------+-------+-------+-------+-------+-------++-------
Melee: War axe           |    92 |     8 |       |       |       |       |       ||   100
       Morningstar       |       |    62 |   209 |   618 |   738 |  1702 |  1721 ||  5050
Throw: Boomerang         |       |     4 |    26 |    17 |    31 |     8 |    49 ||   135
       Dart              |       |       |       |     8 |     2 |     6 |       ||    16
       Javelin           |       |       |       |       |     3 |       |       ||     3
Evoke: Wand              |       |       |     4 |     7 |    12 |     2 |     7 ||    32
       Condenser vane    |       |       |       |       |     2 |     1 |     3 ||     6
       Phial of floods   |       |       |       |       |     1 |       |     2 ||     3
       Lightning rod     |       |       |       |       |       |       |    13 ||    13
       Phantom mirror    |       |       |       |       |       |       |     1 ||     1
  Use: Potion            |     1 |       |     1 |     3 |    16 |       |    22 ||    43
       Scroll            |       |       |    10 |    14 |    14 |    10 |     4 ||    52
 Stab: Distracted        |       |       |       |     9 |     7 |    12 |    19 ||    47
       Paralysed         |       |       |       |     6 |       |       |       ||     6
       Invisible         |       |       |       |       |     8 |       |       ||     8
Armor: Scale mail        |    61 |    28 |       |       |       |       |       ||    89
       Plate armour      |       |    11 |   115 |   221 |   202 |    25 |       ||   574
       Gold dragon scale |       |       |       |       |       |   429 |   498 ||   927
Dodge: Dodged            |    36 |    19 |    59 |   122 |   125 |   293 |   276 ||   930
Block: Buckler           |    24 |    15 |    40 |   174 |    13 |       |       ||   266
       Reflection        |       |       |       |    19 |    33 |    27 |    37 ||   116
       Kite shield       |       |       |       |       |   369 |  1032 |  1156 ||  2557

Table legend: (Time is in decaauts)
 A = Elapsed time spent in this place.
 B = Non-inter-level travel time spent in this place.
 C = Inter-level travel time spent in this place.
 D = Time resting spent in this place.
 E = Time spent auto-exploring this place.
 F = Levels seen in this place.
 G = Mean time per level.
                   A        B        C        D        E       F      G
               +--------+--------+--------+--------+--------+-----+--------+
         Total |  40062 |  39029 |   1033 |   3221 |  14444 |  42 |  953.9 |
       Dungeon |  15184 |  14418 |    766 |    836 |   6107 |  15 | 1012.3 |
        Temple |     12 |     12 |      0 |      0 |      0 |   1 |   12.0 |
          Lair |   5272 |   5243 |     29 |     34 |   2028 |   5 | 1054.4 |
        Shoals |   4583 |   4583 |      0 |    469 |   1926 |   4 | 1145.8 |
   Spider Nest |   5655 |   5538 |    117 |    250 |   2869 |   4 | 1413.8 |
  Orcish Mines |   2306 |   2235 |     71 |    415 |      0 |   2 | 1153.0 |
        Vaults |   2206 |   2158 |     48 |    186 |    776 |   2 | 1103.0 |
         Crypt |   2264 |   2264 |      0 |    450 |    637 |   3 |  754.7 |
         Abyss |    264 |    264 |      0 |      0 |      0 |   2 |  132.0 |
        Bazaar |    130 |    130 |      0 |      0 |      0 |   1 |  130.0 |
        Wizlab |    158 |    158 |      0 |      0 |      0 |   1 |  158.0 |
    Desolation |   1639 |   1639 |      0 |    580 |    101 |   1 | 1639.0 |
      Gauntlet |    383 |    383 |      0 |      0 |      0 |   1 |  383.0 |
               +--------+--------+--------+--------+--------+-----+--------+

Top non-repeatable levels by time:
Vaults:1: 2045 daAuts
Spider:4: 1975 daAuts
Shoals:4: 1848 daAuts
Desolation: 1639 daAuts
    D:11: 1510 daAuts
     D:8: 1460 daAuts
Spider:1: 1450 daAuts
Spider:2: 1344 daAuts
    D:12: 1336 daAuts
    D:14: 1332 daAuts
    D:15: 1329 daAuts
Shoals:2: 1287 daAuts
  Lair:5: 1275 daAuts
    D:10: 1264 daAuts
 Crypt:1: 1224 daAuts
